 Dungeon Crawl Stone Soup version 0.24.0-13-gcf9b3192b9 (webtiles) character file.

Game seed: 2640990955757120339, levelgen mode: deterministic

3682 Midas the Slicer (level 9, -3/54 HPs)
             Began as a Deep Elf Gladiator on Nov 10, 2019.
             Was a Priest of Kikubaaqudgha.
             Slain by a wyvern (14 damage)
             ... on level 10 of the Dungeon.
             The game lasted 00:25:12 (12428 turns).

Midas the Slicer (Deep Elf Gladiator)              Turns: 12428, Time: 00:25:12

Health: -3/54      AC:  7    Str: 11    XL:     9   Next: 90%
Magic:  18/18      EV: 15    Int: 17    God:    Kikubaaqudgha [***...]
Gold:   473        SH:  0    Dex: 16    Spells: 9/18 levels left

rFire    . . .     SeeInvis .   b - +2 dagger (venom)
rCold    . . .     Gourm    .   (no shield)
rNeg     . . .     Faith    .   r - +0 ring mail
rPois    .         Spirit   .   c - +1 helmet
rElec    .         Reflect  .   (no cloak)
rCorr    .         Harm     .   (no gloves)
MR       .....                  (no boots)
Stlth    +.........             (no amulet)
HPRegen  0.18/turn              (no ring)
MPRegen  0.16/turn              (no ring)

@: no status effects
A: no striking features
a: Receive Corpses, Renounce Religion


You were on level 10 of the Dungeon.
You worshipped Kikubaaqudgha.
Kikubaaqudgha was most pleased with you.
You were not hungry.

You visited 2 branches of the dungeon, and saw 11 of its levels.

You collected 473 gold pieces.

Inventory:

Hand Weapons
 a - a +1 dagger of electrocution
 b - a +2 dagger of venom (weapon)
 i - a +0 rapier
 t - a +0 hunting sling
 x - a cursed +0 hunting sling
Missiles
 d - 3 throwing nets (quivered)
 k - 48 poisoned darts
 u - 197 stones
 w - 4 curare-tipped darts
Armour
 c - a +1 helmet (worn)
 r - a +0 ring mail (worn)
 J - a +0 leather armour
Jewellery
 p - an uncursed amulet of the acrobat
 B - a cursed ring of flight {unknown}
 D - an uncursed amulet of guardian spirit
Wands
 y - a wand of digging (2)
 O - a wand of flame (17)
 Q - a wand of disintegration (8)
Scrolls
 g - 3 scrolls of enchant armour
 h - 7 scrolls of identify
 m - 7 scrolls of teleportation
 n - a scroll of noise
 q - 3 scrolls of amnesia
 s - 2 scrolls of magic mapping
 C - a scroll of fog {unknown}
 E - a scroll of remove curse {unknown}
 I - a scroll of holy word {unknown}
 K - a scroll of random uselessness {unknown}
 P - a scroll of immolation {unknown}
 S - a scroll of enchant weapon {unknown}
Potions
 e - a potion of mutation
 j - a potion of lignification
 l - 2 potions of curing {unknown}
 o - 10 potions of degeneration
 v - 2 potions of cancellation {unknown}
 z - a potion of invisibility {unknown}
 F - 3 potions of heal wounds {unknown}
 G - a potion of agility
 H - 3 potions of flight {unknown}
 L - 3 potions of might
 M - a potion of brilliance {unknown}
 N - 2 potions of magic {unknown}
 R - a potion of haste {unknown}
Comestibles
 f - 12 rations


   Skills:
 - Level 5.1 Fighting
 * Level 9.4 Short Blades
 - Level 2.0 Throwing
 - Level 8.1 Dodging
 - Level 5.0 Spellcasting
 + Level 6.1 Necromancy
 + Level 2.9 Earth Magic


You had 9 spell levels left.
You knew the following spells:

 Your Spells              Type           Power        Failure   Level  Hunger
a - Animate Skeleton      Necr           N/A          2%          1    None
b - Vampiric Draining     Necr           ####......   9%          3    ###....
c - Borgnjor's Vile Clut  Necr/Erth      ###.......   83%         5    ######.

Your spell library contained the following spells:

 Spells                   Type           Power        Failure   Level  Hunger
 Pain                     Necr           ####         2%          1    None
 Corpse Rot               Necr           N/A          4%          2    #......
 Sublimation of Blood     Necr           ####......   4%          2    #......
 Animate Dead             Necr           N/A          26%         4    ####...
 Regeneration             Chrm/Necr      ##........   28%         3    ###....
 Infusion                 Chrm           #...         34%         1    None
 Shroud of Golubria       Chrm/Tloc      #.....       45%         2    #......
 Song of Slaying          Chrm           #.......     45%         2    #......
 Agony                    Necr           ####....     58%         5    ######.
 Dispel Undead            Necr           ####....     58%         5    ######.
 Spectral Weapon          Hex/Chrm       #.......     71%         3    ###....
 Excruciating Wounds      Chrm/Necr      ##........   95%         5    ######.
 Simulacrum               Ice/Necr       ##........   100%        6    #######


Dungeon Overview and Level Annotations

Branches:
Dungeon (10/15)            Temple (1/1) D:4             Orc (0/2) D:9
   Lair: D:8-11

Altars:
Ashenzari
Cheibriados
Dithmenos
Elyvilon
Fedhas
Gozag
Hepliaklqana
Kikubaaqudgha
Makhleb
Nemelex Xobeh
Okawaru
Qazlal
Ru
Sif Muna
Trog
Uskayaw
Vehumet
Wu Jian
Xom
Yredelemnul
Zin
The Shining One

Shops:
D:9 =


Message History

Your +2 dagger of venom begins to drip with poison!
b - a +2 dagger of venom (weapon)
The wyvern misses you.
You closely miss the wyvern. The wyvern barely misses you.
You hit the wyvern.
The wyvern is poisoned.
The wyvern is moderately wounded.
You hit the wyvern but do no damage.
The wyvern looks as sick as possible!
The wyvern is moderately wounded.
The wyvern bites you but does no damage.
You hit the wyvern.
The wyvern looks as sick as possible!
The wyvern is moderately wounded.
The wyvern completely misses you.
You hit the wyvern.
The wyvern is heavily wounded.
The wyvern bites you! x2
The wyvern bites you!
* * * LOW HITPOINT WARNING * * *
The wyvern bites you!
You die...
Kikubaaqudgha rasps: "You have failed me!
Welcome... death!"

##.###.#
......#
#.....### #
##.......+
#.##.......##
#...........#
#...<...#
##.....##
#.###@....#
#...ll....#
#####.#####
#.# ... #...
#.... #!...
#.....


You could see 2 wyverns.

Vanquished Creatures
  A hippogriff (D:8)
  Menkaure (D:7)
  A swamp drake (D:9)
  3 ice beasts
  A sky beast (D:6)
  4 orc warriors
  3 phantoms
  An ogre (D:8)
  A centaur (D:10)
  A big kobold (D:5)
  3 bullfrogs
  3 scorpions
  4 wights (D:9)
  3 howler monkeys (D:7)
  A bullfrog zombie (D:9)
  A centaur zombie (D:7)
  5 crimson imps
  4 orc priests
  2 bullfrog skeletons
  2 jellies (D:6)
  15 orc wizards
  4 iguanas
  6 worker ants
  A worker ant zombie (D:6)
  Robin (D:4)
  A howler monkey skeleton (D:4)
  8 adders
  2 shadow imps
  An ooze (D:1)
  2 adder zombies
  3 worms
  3 dart slugs
  5 leopard geckos
  46 orcs
  4 ball pythons
  A giant cockroach (D:4)
  17 goblins
  9 hobgoblins
  11 jackals
  A quokka (D:5)
  A ball python skeleton (D:3)
  5 bats
  6 frilled lizards
  12 kobolds
  A leopard gecko skeleton (D:5)
  A quokka skeleton (D:8)
  2 rats
214 creatures vanquished.

Vanquished Creatures (collateral kills)
  A bullfrog skeleton (D:5)
  2 orcs
  A goblin (D:4)
  2 hobgoblins (D:5)
  A jackal (D:5)
  A kobold (D:5)
8 creatures vanquished.

Grand Total: 222 creatures vanquished

Notes
Turn   | Place    | Note
-------+----------+-------------------------------------------
     0 | D:1      | Midas the Deep Elf Gladiator began the quest for the Orb.
     0 | D:1      | Reached XP level 1. HP: 12/12 MP: 3/3
    46 | D:1      | Reached XP level 2. HP: 8/17 MP: 4/4
   358 | D:1      | Reached XP level 3. HP: 9/21 MP: 5/5
  1239 | D:2      | Reached skill level 4 in Short Blades
  1305 | D:2      | Found a shimmering altar of Xom.
  1924 | D:3      | Reached XP level 4. HP: 26/26 MP: 6/6
  2279 | D:3      | Found a shimmering blue altar of Sif Muna.
  2279 | D:3      | Found a bloodstained altar of Trog.
  2284 | D:3      | Found a stormy altar of Qazlal.
  2286 | D:3      | Found an ancient bone altar of Kikubaaqudgha.
  2288 | D:3      | Found a hide-covered altar of Uskayaw.
  2603 | D:3      | Became a worshipper of Kikubaaqudgha
  3064 | D:3      | Found a faded altar of an unknown god.
  3074 | D:3      | Learned a level 1 spell: Animate Skeleton
  3306 | D:4      | Noticed an ice beast
  3322 | D:3      | Killed an ice beast
  3322 | D:3      | Reached skill level 1 in Spellcasting
  3322 | D:3      | Reached skill level 1 in Necromancy
  3322 | D:3      | Reached XP level 5. HP: 31/31 MP: 6/8
  3429 | D:4      | You fall into a shaft and drop 3 floors!
  3631 | D:6      | Reached skill level 5 in Short Blades
  3758 | D:6      | Reached XP level 6. HP: 25/36 MP: 10/10
  3851 | D:6      | Reached skill level 5 in Dodging
  4005 | D:6      | Found a stormy altar of Qazlal.
  4429 | D:6      | Reached * piety under Kikubaaqudgha
  4429 | D:6      | Identified Kikubaaqudgha's Handbook of Evil Arts
                  | (Kikubaaqudgha gifted it to you on level 6 of the Dungeon)
  4429 | D:6      | Received a gift from Kikubaaqudgha
  4473 | D:5      | Entered Level 5 of the Dungeon
  4473 | D:5      | Noticed an ice beast
  4811 | D:5      | Reached XP level 7. HP: 31/41 MP: 11/13
  5108 | D:5      | Found a white marble altar of Elyvilon.
  5177 | D:5      | Found a burning altar of Makhleb.
  5179 | D:5      | Found a glowing silver altar of Zin.
  5179 | D:5      | Noticed an angel
  5180 | D:5      | Noticed a blizzard demon
  5209 | D:5      | Reached skill level 6 in Short Blades
  5719 | D:5      | Reached XP level 8. HP: 29/46 MP: 15/15
  6025 | D:5      | Reached ** piety under Kikubaaqudgha
  6120 | D:5      | Found a basalt altar of Yredelemnul.
  6394 | D:4      | Noticed Robin
  6417 | D:4      | Killed Robin
  6574 | D:4      | Found a staircase to the Ecumenical Temple.
  6901 | Temple   | Entered the Ecumenical Temple
  7195 | D:6      | Reached skill level 7 in Short Blades
  7305 | D:5      | Learned a level 3 spell: Vampiric Draining
  7568 | D:7      | Noticed Menkaure
  7577 | D:6      | Reached skill level 5 in Spellcasting
  7823 | D:7      | Killed Menkaure
  7823 | D:7      | Reached *** piety under Kikubaaqudgha
  7823 | D:7      | Identified Kikubaaqudgha's Collected Works on Darkness
                  | (Kikubaaqudgha gifted it to you on level 7 of the Dungeon)
  7823 | D:7      | Received a gift from Kikubaaqudgha
  8126 | D:7      | Reached skill level 5 in Necromancy
  8219 | D:7      | Found a sparkling altar of Nemelex Xobeh.
  8224 | D:7      | Reached XP level 9. HP: 52/52 MP: 18/18
  8247 | D:7      | Reached skill level 8 in Short Blades
  8379 | D:7      | Found a snail-covered altar of Cheibriados.
  9174 | D:7      | Learned a level 5 spell: Borgnjor's Vile Clutch
  9498 | D:8      | Found a shattered altar of Ashenzari.
  9569 | D:8      | Reached skill level 1 in Earth Magic
 10372 | D:8      | Reached skill level 9 in Short Blades
 10749 | D:9      | Reached skill level 5 in Fighting
 10911 | D:9      | Found Yjaz's Jewellery Boutique.
 11496 | D:9      | Found a staircase to the Orcish Mines.
 11905 | D:10     | Entered Level 10 of the Dungeon
 12076 | D:10     | Noticed a troll
 12428 | D:10     | Slain by a wyvern

Levels and vault maps discovered:
D:1:      minmay_arrival_glassed_features, layout_basic
D:2:      layout_loops_corners, lemuel_doored_altar, first_ration
D:3:      layout_basic, chequers_temple_overflow_minitemple,
          chequers_ecumenical_altar_simple_redux
D:4:      layout_cave_pools, minmay_temple_entry_butterflies, uniq_robin
D:5:      cheibrodos_thug_alley, layout_gridville,
          grunt_temple_overflow_order_and_chaos_2, kennysheep_ying_yang
D:6:      layout_basic, basic_altar, st_stairs_3, hangedman_decor_opposing
D:7:      layout_basic, kennysheep_little_box, lemuel_round_altar, uniq_menkaure
D:8:      layout_cave_pools, overflow_temple_1_default
D:9:      layout_gridville, erik_orc_1, serial_shops, nicolae_shop_stone
D:10:     layout_loops_corners
Temple:   compressed_dpeg_triangle_lava_temple

Skill      XL: |  1  2  3  4  5  6  7  8  9 |
---------------+----------------------------+-----
Dodging        | 4 5 7 8 |  8.1
Fighting       | 2 3 4 5 |  5.1
Short Blades   | 4 5 6 7 9 |  9.4
Spellcasting   | 1 2 3 5 |  5.0
Necromancy     | 1 2 3 5 6 |  6.1
Earth Magic    | 2 |  2.9
Throwing       | |  2.0

Action                   |  1- 3 |  4- 6 |  7- 9 || total
-------------------------+-------+-------+-------++-------
Melee: Rapier            |    51 |       |       ||    51
       Dagger            |    66 |   204 |   615 ||   885
 Cast: Animate Skeleton  |       |       |    21 ||    21
       Vampiric Draining |       |       |     2 ||     2
Evoke: Wand              |       |       |     6 ||     6
  Use: Scroll            |     2 |     5 |     2 ||     9
 Stab: Sleeping          |     2 |       |       ||     2
       Paralysed         |       |       |     2 ||     2
  Eat: Chunk             |     2 |     7 |    19 ||    28
       Ration            |       |     1 |     2 ||     3
Armor: Leather armour    |    19 |       |       ||    19
       Ring mail         |       |    43 |   129 ||   172
Dodge: Dodged            |    74 |   100 |   361 ||   535
